 Dungeon Crawl Stone Soup version 0.26-a0-651-gb41185065b (webtiles) character file.

Game seed: 17932726055100578268

169 DogServant the Poker (level 5, 0/42 HPs)
             Began as a Merfolk Gladiator on Sept 29, 2020.
             Slain by an orc
             ... wielding a +0 mace
              (6 damage)
             ... on level 3 of the Dungeon.
             The game lasted 00:02:09 (2208 turns).

DogServant the Poker (Merfolk Gladiator)            Turns: 2208, Time: 00:02:10

Health: 0/42       AC:  4    Str: 15    XL:     5   Next: 50%
Magic:  5/5        EV: 15    Int:  7    God:
Gold:   122        SH:  0    Dex: 16    Spells: 4/4 levels left

rFire    . . .     SeeInvis .   a - +0 trident
rCold    . . .     Faith    .   (no shield)
rNeg     . . .     Spirit   .   b - +0 leather armour
rPois    .         Reflect  .   c - +0 helmet
rElec    .         Harm     .   (no cloak)
rCorr    .         Rampage  .   (no gloves)
MR       .....                  (no boots)
Stlth    +.........             (no amulet)
HPRegen  0.14/turn              (no ring)
MPRegen  0.09/turn              (no ring)

@: no status effects
A: change form in water, swift swim, stealthy swim
a: no special abilities


You were on level 3 of the Dungeon.
You visited 1 branch of the dungeon, and saw 3 of its levels.

You collected 122 gold pieces.

Inventory:

Hand Weapons
 a - a +0 trident (weapon)
Missiles
 d - 3 throwing nets (quivered)
Armour
 b - a +0 leather armour (worn)
 c - a +0 helmet (worn)
Scrolls
 e - 7 scrolls of identify {unknown}
 g - a scroll of enchant weapon {unknown}
 h - a scroll of remove curse {unknown}
 j - a scroll of amnesia {unknown}
 k - a scroll of magic mapping {unknown}
 l - a scroll of fear {unknown}
 m - a scroll of blinking {unknown}
 n - 3 scrolls of teleportation {unknown}
Potions
 f - 2 potions of curing {unknown}
 i - a potion of haste {unknown}
 o - a potion of lignification {unknown}


   Skills:
 + Level 3.9 Fighting
 + Level 6.2 Polearms
 - Level 2.0 Throwing
 + Level 5.6 Dodging


You had 4 spell levels left.
You didn't know any spells.
Your spell library was empty.

Dungeon Overview and Level Annotations

Branches:
Dungeon (3/15)

Altars:


Message History

Unknown command.
You are too injured to fight recklessly!
You are too injured to fight recklessly!
The ufetubus hits you.
* * * LOW HITPOINT WARNING * * *
The ufetubus barely misses you.
You see here an adder corpse.
The ufetubus completely misses you. The ufetubus closely misses you.
You puncture the ufetubus!
You kill the ufetubus!
You hit the orc.
The orc is lightly wounded.
You closely miss the orc. You hit the orc.
The orc is heavily wounded.
The orc completely misses you. The orc misses you.
You hit the orc.
The orc is moderately wounded.
The orc completely misses you. The orc hits you with a +0 mace.
You die...

#.# # #.# .. #.### #
###.####... .#
.......<.###########w
#...og)ogo..........
#..#####K######.# .# #o#
#....##.#
..#####@###..††.<.####
.>....o...'.............
...(....###....#########
######### #...## #...#
#####


You could see 4 orcs, a hobgoblin and a kobold.

Vanquished Creatures
  An orc priest (D:3)
  Jessica (D:2)
  4 adders
  An ufetubus (D:3)
  2 oozes
  3 dart slugs
  A leopard gecko (D:1)
  5 giant cockroaches
  8 goblins
  5 hobgoblins
  3 jackals (D:2)
  3 ball pythons
  10 bats
  4 frilled lizards
  3 kobolds
  6 rats
60 creatures vanquished.

Notes
Turn   | Place    | Note
-------+----------+-------------------------------------------
     0 | D:1      | DogServant the Merfolk Gladiator began the quest for the
                  | Orb.
     0 | D:1      | Reached XP level 1. HP: 16/16 MP: 1/1
    77 | D:1      | Reached XP level 2. HP: 23/23 MP: 2/2
   476 | D:1      | Reached skill level 5 in Polearms
   486 | D:1      | Reached XP level 3. HP: 24/28 MP: 3/3
  1627 | D:2      | Reached XP level 4. HP: 35/35 MP: 4/4
  1717 | D:2      | Found a faded altar of an unknown god.
  1773 | D:2      | Reached skill level 5 in Dodging
  1774 | D:2      | Noticed Jessica
  1793 | D:2      | Killed Jessica
  2167 | D:3      | Reached XP level 5. HP: 42/42 MP: 5/5
  2187 | D:3      | Reached skill level 6 in Polearms
  2208 | D:3      | Slain by an orc

Illustrated notes

Levels and vault maps discovered:
D:1:      psy_arrival_basics, layout_loops_ring, serial_park_tiny_2,
          wander_ebering_terrifying_dragon_lair
D:2:      layout_basic, chequers_ecumenical_altar_grove, uniq_jessica
D:3:      layout_basic, minivault_24, kennysheep_okawaru_gauntlet

Skill      XL: |  1  2  3  4  5 |
---------------+----------------+-----
Polearms       | 5 6 |  6.2
Fighting       | 3 |  3.9
Dodging        | 5 |  5.6
Throwing       | |  2.0

Action                   |  1- 3 |  4- 6 || total
-------------------------+-------+-------++-------
Melee: Trident           |   140 |    79 ||   219
 Stab: Sleeping          |     5 |       ||     5
Armor: Leather armour    |    33 |    19 ||    52
Dodge: Dodged            |    73 |    75 ||   148

Table legend: (Time is in decaauts)
 A = Elapsed time spent in this place.
 B = Non-inter-level travel time spent in this place.
 C = Inter-level travel time spent in this place.
 D = Time resting spent in this place.
 E = Time spent auto-exploring this place.
 F = Levels seen in this place.
 G = Mean time per level.
                   A        B        C        D        E       F      G
               +--------+--------+--------+--------+--------+-----+--------+
         Total |   2215 |   2156 |     59 |      0 |   1809 |   3 |  738.3 |
       Dungeon |   2215 |   2156 |     59 |      0 |   1809 |   3 |  738.3 |
               +--------+--------+--------+--------+--------+-----+--------+

Top non-repeatable levels by time:
     D:2: 1123 daAuts
     D:1: 1048 daAuts
     D:3: 43 daAuts
